 Dungeon Crawl Stone Soup version 0.29.1-12-g30fa7ad0bf (webtiles) character file.

Game seed: 5034747167372855296

740 LustLizard the Cleaver (level 7, -6/64 HPs)
             Began as a Hill Orc Monk on Jan 4, 2023.
             Was a Believer of Beogh.
             Mangled by Pikel
             ... wielding a +2 whip of electrocution
              (19 damage)
             ... on level 5 of the Dungeon.
             The game lasted 00:07:46 (5356 turns).

LustLizard the Cleaver (Hill Orc Monk)              Turns: 5356, Time: 00:07:47

Health: -6/64      AC:  5    Str: 16    XL:     7   Next: 75%
Magic:  10/10      EV: 11    Int: 10    God:    Beogh [**....]
Gold:   318        SH:  0    Dex: 13    Spells: 6/6 levels left

rFire   . . .      SeeInvis .   p - +2 flail (venom)
rCold   . . .      Faith    .   (no shield)
rNeg    . . .      Spirit   .   i - +0 ring mail
rPois   .          Reflect  .   (no helmet)
rElec   .          Harm     .   (no cloak)
rCorr   .          Rampage  .   (no gloves)
Will    .....                   (no boots)
Stlth   +.........              h - amulet of the acrobat
HPRegen 0.20/turn               (no ring)
MPRegen 0.12/turn               (no ring)

@: studying Invocations
A: no striking features
a: Renounce Religion, Smiting


You were on level 5 of the Dungeon.
You worshipped Beogh.
Beogh was pleased with you.
You visited 1 branch of the dungeon, and saw 5 of its levels.

You collected 318 gold pieces.

Inventory:

Hand Weapons
 a - a +0 hand axe
 p - a +2 flail of venom (weapon)
Armour
 b - a +0 robe
 i - a +0 ring mail (worn)
Jewellery
 h - an amulet of the acrobat (around neck)
Wands
 n - a wand of flame (11)
Scrolls
 c - a scroll of enchant weapon {unknown}
 e - 3 scrolls of butterflies {unknown}
 f - 2 scrolls of identify {unknown}
 g - a scroll of torment {unknown}
 j - 2 scrolls of fear {unknown}
 k - a scroll of summoning {unknown}
 m - a scroll of vulnerability {unknown}
 u - a scroll of poison {unknown}
Potions
 d - 6 potions of curing {unknown}
 l - 2 potions of invisibility
 o - a potion of heal wounds {unknown}
 q - 2 potions of lignification {unknown}
 r - 2 potions of mutation {unknown}
 s - a potion of ambrosia
 t - a potion of might {unknown}


   Skills:
 + Level 6.4 Fighting
 * Level 9.2 Axes
 - Level 2.4 Dodging
 - Level 1.5 Stealth
 * Level 5.2 Invocations


You had 6 spell levels left.
You didn't know any spells.
Your spell library contained the following spells:

 Spells                   Type           Power      Damage    Failure   Level
 Magic Dart               Conj           0%         1d3       58%         1
 Searing Ray              Conj           0%         2d4       73%         2
 Fulminant Prism          Conj/Hex       0%         3d6       100%        4


Dungeon Overview and Level Annotations

Branches:
Dungeon (5/15)
 Temple: D:4-7

Altars:
Gozag
Hepliaklqana
Nemelex Xobeh
Vehumet
Xom
Zin

Shops:
D:4 :

Annotations:
D:3 2 transporters
D:4 1 runed translucent door, hawla's ghost, novice MeIE
D:5 Pikel


Message History

The lemure attacks as you move away! The lemure completely misses you.
The lemure attacks as you move away! The lemure closely misses you.
You hit the lemure.
The lemure is poisoned.
The lemure is lightly wounded.
The lemure hits you.
You hit the lemure.
The lemure looks as sick as possible!
The lemure is moderately wounded.
The lemure barely misses you. x2
You thump the lemure!
The lemure looks as sick as possible!
The lemure is severely wounded.
You kill the lemure!
That felt strangely unrewarding.
Pikel zaps a wand.
You suddenly lose the ability to move!
The now-empty wand crumbles to dust.
You can move again.
You completely miss Pikel.
The lemure shouts!
Pikel hits you with a +2 whip of electrocution.
You miss Pikel.
Pikel hits you with a +2 whip of electrocution.
You barely miss Pikel. Pikel barely misses you.
You barely miss Pikel. Pikel barely misses you.
You closely miss Pikel.
Pikel hits you with a +2 whip of electrocution.
You are electrocuted!
Pikel hits you with a +2 whip of electrocution!
You hit Pikel but do no damage.
Pikel hits you with a +2 whip of electrocution.
You hit Pikel but do no damage. Pikel closely misses you.
You barely miss Pikel.
Pikel hits you with a +2 whip of electrocution!
* * * LOW HITPOINT WARNING * * *
You hit Pikel.
Pikel is poisoned.
Pikel is lightly wounded.
Pikel closely misses you.
You sock Pikel!
Pikel looks as sick as possible!
Pikel is moderately wounded.
Pikel hits you with a +2 whip of electrocution.
* * * LOW HITPOINT WARNING * * *
You are electrocuted!!
You die...

........#....####...##
......####...#.......#
.....## ##....###...#
#....# #...##.##..##
##..## ##...#._.#...##
#..# #..####.####..#
#..# #.##..#'#..##.#
#K.# #.#...'.')..#.#
#..# #.##.##@##.##.#
#..## #..###K#.###..#
#...# ##..555#.....##
#...## ###..###...##
##...### ##......)..##
###...####...........##
###.................##
###
###................###.#
##................#.##


You could see Pikel (extremely poisoned) and 3 lemures.

Vanquished Creatures
  An ice beast (D:5)
  2 ogres
  A lemure (D:5)
  3 scorpions
  2 hounds (D:4)
  2 jellies (D:4)
  An orc wizard (D:4)
  2 adders
  5 gnolls
  A white imp (D:5)
  4 worms (D:2)
  4 dart slugs
  3 orcs (D:5)
  9 ball pythons
  5 endoplasms
  2 giant cockroaches
  7 goblins
  10 hobgoblins
  An iguana (D:4)
  7 jackals
  8 kobolds
  5 quokkas
  5 bats
  2 frilled lizards (D:1)
  10 rats
  A spectral kobold (D:3)
103 creatures vanquished.

Vanquished Creatures (others)
  2 gnolls (D:4)
  A giant cockroach (D:4)
3 creatures vanquished.

Grand Total: 106 creatures vanquished

Notes
Turn   | Place    | Note
-------+----------+-------------------------------------------
     0 | D:1      | LustLizard the Hill Orc Monk began the quest for the Orb.
     0 | D:1      | Reached XP level 1. HP: 19/19 MP: 1/1
     0 | D:1      | Noticed a tengu
     1 | D:1      | Noticed a vine stalker
     3 | D:1      | Noticed a tengu
     3 | D:1      | Noticed a demigod
     5 | D:1      | Noticed an octopode
     6 | D:1      | Noticed a draconian
     7 | D:1      | Noticed a minotaur
     9 | D:1      | Noticed a gargoyle
    11 | D:1      | Noticed a demigod
    13 | D:1      | Noticed a tengu
    13 | D:1      | Noticed a tengu
    15 | D:1      | Noticed a tengu
    17 | D:1      | Noticed a naga
    17 | D:1      | Noticed a merfolk
    17 | D:1      | Noticed a draconian
    19 | D:1      | Noticed a tengu
    19 | D:1      | Noticed a troll
    21 | D:1      | Noticed a dwarf
    50 | D:1      | HP: 1/20 [ball python (2)]
    52 | D:1      | Reached XP level 2. HP: 2/27 MP: 2/2
   545 | D:1      | Reached skill level 5 in Axes
   604 | D:1      | Reached XP level 3. HP: 21/33 MP: 3/3
  1312 | D:2      | Reached XP level 4. HP: 16/41 MP: 4/4
  1671 | D:2      | Reached skill level 6 in Axes
  2620 | D:3      | Found a transporter.
  2621 | D:3      | Found a transporter.
  2623 | D:3      | Noticed a water moccasin
  2713 | D:3      | Reached XP level 5. HP: 47/47 MP: 5/5
  2754 | D:3      | Found a glowing silver altar of Zin.
  2754 | D:3      | Found a radiant altar of Vehumet.
  2799 | D:3      | Found a hazy altar of Hepliaklqana.
  3150 | D:3      | Found a faded altar of an unknown god.
  3306 | D:4      | Found Ruxkuzic's Vocational Training.
  3308 | D:4      | Noticed an ogre
  3466 | D:4      | Found a shimmering altar of Xom.
  3494 | D:4      | Reached skill level 5 in Fighting
  3555 | D:4      | Found a runed translucent door.
  3556 | D:4      | Noticed hawla's ghost (novice MeIE)
  3599 | D:4      | Reached skill level 7 in Axes
  3647 | D:4      | Killed an ogre
  3648 | D:4      | Reached XP level 6. HP: 11/56 MP: 6/6
  4010 | D:4      | Became a worshipper of Beogh the Brigand
  4010 | D:4      | Reached * piety under Beogh
  4010 | D:4      | Reached ** piety under Beogh
  4017 | D:4      | Reached skill level 8 in Axes
  4595 | D:5      | Entered Level 5 of the Dungeon
  4630 | D:5      | Found an opulent altar of Gozag.
  4670 | D:4      | Reached XP level 7. HP: 55/63 MP: 6/8
  4977 | D:5      | Reached skill level 9 in Axes
  5169 | D:5      | Reached skill level 5 in Invocations
  5261 | D:5      | Found a sparkling altar of Nemelex Xobeh.
  5316 | D:5      | Noticed Pikel
  5317 | D:5      | Paralysed by Pikel for 2 turns
  5343 | D:5      | Paralysed by Pikel for 3 turns
  5356 | D:5      | Mangled by Pikel

Illustrated notes

Levels and vault maps discovered:
D:1:      shiori_arrival_whats_in_store_for_you, layout_rooms,
          minmay_misc_feat_doors, minmay_pentomino_v2
D:2:      layout_basic
D:3:      layout_loops_ring, nicolae_hepliaklqana_monster_ancestors,
          gammafunk_temple_overflow_arena,
          hellmonk_ecumenical_altar_inner_sanctum
D:4:      layout_basic, dk_xom_monty_hall, gammafunk_ghost_grave,
          nicolae_shop_vocational
D:5:      layout_layer_cave, nicolae_gozag_seed_capital,
          nemelex_dance_club_becter, uniq_pikel

Skill      XL: |  1  2  3  4  5  6  7 |
---------------+----------------------+-----
Fighting       | 4 5 6 |  6.4
Axes           | 5 6 7 8 9 |  9.2
Invocations    | 2 5 |  5.2
Dodging        | |  2.4
Stealth        | |  1.5

Action                   |  1- 3 |  4- 6 |  7- 9 || total
-------------------------+-------+-------+-------++-------
Melee: Hand axe          |   111 |   114 |       ||   225
       Punch             |     1 |     1 |       ||     2
       Flail             |       |    65 |    36 ||   101
Invok: Convert to Beogh  |       |     1 |       ||     1
  Use: Potion            |     1 |       |       ||     1
 Stab: Sleeping          |     2 |       |       ||     2
Armor: Robe              |    10 |       |       ||    10
       Ring mail         |     5 |    47 |     7 ||    59
Dodge: Dodged            |    71 |   115 |    22 ||   208
